 Dungeon Crawl Stone Soup version 0.25.0-26-g0c896c7088 (console) character file.

Game seed: 9078997438584292649

122 Colgate the Stinger (level 4, -4/34 HPs)
             Began as a Draconian Venom Mage on July 4, 2020.
             Killed by divine providence
             ... invoked by an orc priest
              (7 damage)
             ... on level 3 of the Dungeon.
             The game lasted 00:39:24 (3156 turns).

Colgate the Stinger (Draconian Venom Mage)          Turns: 3156, Time: 00:39:24

Health: -4/34      AC:  6    Str: 11    XL:     4   Next: 78%
Magic:  0/8        EV: 12    Int: 16    God:
Gold:   101        SH:  0    Dex: 11    Spells: 5/8 levels left

rFire    . . .     SeeInvis .   s - +0 war axe
rCold    . . .     Gourm    .   (no shield)
rNeg     . . .     Faith    .   (armour unavailable)
rPois    .         Spirit   +   (helmet restricted)
rElec    .         Reflect  .   (no cloak)
rCorr    .         Harm     .   u - +0 pair of gloves
MR       .....                  (no boots)
Stlth    ++........             a - amulet of guardian spirit
HPRegen  0.11/turn              (no ring)
MPRegen  0.11/turn              (no ring)

@: no status effects
A: unfitting armour, cold-blooded, AC +5
a: no special abilities


You were on level 3 of the Dungeon.
You were not hungry.

You visited 1 branch of the dungeon, and saw 3 of its levels.

You collected 101 gold pieces.

Inventory:

Hand Weapons
 c - a -3 mace
 d - a +0 dagger
 m - a +0 flail
 p - a +0 hunting sling
 s - a +0 war axe (weapon)
Missiles
 h - 66 stones (quivered)
 v - 11 bolts
 w - 16 sling bullets
Armour
 q - a +0 kite shield
 u - a +0 pair of gloves (worn)
Jewellery
 a - an amulet of guardian spirit (around neck)
Scrolls
 e - a scroll of identify {unknown}
 g - a scroll of teleportation
 j - a scroll of amnesia {unknown}
 k - a scroll of immolation {unknown}
 l - 3 scrolls of remove curse
 t - a scroll of magic mapping {unknown}
Potions
 f - a potion of brilliance {unknown}
 i - a potion of stabbing {unknown}
 n - a potion of berserk rage {unknown}
 x - a potion of curing {unknown}
Comestibles
 b - 8 rations


   Skills:
 + Level 0.8 Fighting
 + Level 0.2 Axes
 + Level 0.1 Throwing
 + Level 2.0 Dodging
 + Level 2.2 Stealth
 + Level 2.8 Spellcasting
 + Level 1.6 Transmutations
 + Level 1.3 Air Magic
 + Level 3.9 Poison Magic


You had 5 spell levels left.
You knew the following spells:

 Your Spells              Type           Power        Failure   Level  Hunger
a - Sting                 Tmut/Pois      ##..         6%          1    #......
b - Poisonous Vapours     Pois/Air       ##....       10%         2    ##.....

Your spell library contained the following spells:

 Spells                   Type           Power        Failure   Level  Hunger
 Ignite Poison            Fire/Tmut/Pois #.......     26%         3    ###....
 Mephitic Cloud           Conj/Pois/Air  #.......     28%         3    ###....
 Olgreb's Toxic Radiance  Pois           ##......     36%         4    #####..


Dungeon Overview and Level Annotations

Branches:
Dungeon (3/15)

Altars:
Dithmenos
Makhleb
Qazlal


Innate Abilities, Weirdness & Mutations

Your plain brown scales are hard. (AC +5)
You cannot fit into any form of body armour.
You are cold-blooded and may be slowed by cold attacks.


Message History

* * * LOW HITPOINT WARNING * * *
The ball python barely misses you. The ball python constricts you.
You barely miss the ball python. You tail-slap the ball python.
You kill the ball python!
The orc priest closely misses you.
You closely miss the orc priest.
The orc priest is lightly wounded.
The orc priest hits you but does no damage.
You closely miss the orc priest.
You tail-slap the orc priest, but do no damage.
The orc priest is lightly wounded.
You hit the orc but do no damage. The orc barely misses you.
The orc priest calls upon Beogh to heal the orc.
The orc's wounds heal themselves!
You hit the orc priest but do no damage.
The orc priest is lightly wounded.
You hit the orc but do no damage. The orc hits you but does no damage.
The orc priest invokes the aid of Beogh against you.
Beogh smites you!
You die...

.#......#..#
..^...)...##
#..#.....## ((.. #..
.. ##.....## ... ..#
..###..##...
)..#..###..#..###.#.
)...$.##.....##..#.
#..................
... #.........##..
#o####..._...####.
#@o##.........##..
#.................
##...##.....##..##
#..###..#..###.#
#).##..###..##.#
#......###.....#
#....[..#..#####
#####......#
#.....## #######


You could see an orc priest and an orc.

Vanquished Creatures
  A hound (D:2)
  An adder (D:3)
  2 worms
  3 dart slugs
  2 leopard geckos (D:1)
  2 orcs (D:3)
  A ball python (D:3)
  6 giant cockroaches
  6 hobgoblins
  6 jackals
  4 kobolds
  A quokka (D:2)
  7 bats
  10 frilled lizards
  9 goblins
  6 rats
67 creatures vanquished.

Notes
Turn   | Place    | Note
-------+----------+-------------------------------------------
     0 | D:1      | Colgate the Draconian Venom Mage began the quest for the
                  | Orb.
     0 | D:1      | Reached XP level 1. HP: 14/14 MP: 3/3
   350 | D:1      | Reached XP level 2. HP: 20/20 MP: 1/5
   474 | D:1      | Learned a level 2 spell: Poisonous Vapours
  1181 | D:2      | Reached XP level 3. HP: 23/26 MP: 3/6
  1447 | D:2      | Noticed an earth elemental
  1449 | D:2      | Found a stormy altar of Qazlal.
  1450 | D:2      | Noticed an air elemental
  1450 | D:2      | Noticed a fire elemental
  1450 | D:2      | Noticed a water elemental
  2367 | D:2      | Reached skill level 1 in Air Magic
  2412 | D:2      | Reached XP level 4. HP: 33/33 MP: 2/7
  2680 | D:2      | Found a burning altar of Makhleb.
  3076 | D:3      | Found a shadowy altar of Dithmenos.
  3156 | D:3      | Killed from afar by an orc priest

Illustrated notes

Levels and vault maps discovered:
D:1:      dpeg_arrival_rooms_a, layout_loops_ring, minmay_misc_feat_plants
D:2:      layout_loops_ring, makhleb_blood_cavern_becter,
          nicolae_qazlal_style_of_elements
D:3:      layout_rooms, grunt_temple_overflow_cloverleaf,
          nicolae_dithmenos_shadow_blocks, first_ration,
          chequers_ecumenical_altar_island

Skill      XL: |  1  2  3 |
---------------+----------+-----
Dodging        | 2 |  2.0
Stealth        | 2 |  2.2
Air Magic      | 1 |  1.3
Fighting       | |  0.8
Axes           | |  0.2
Throwing       | |  0.1
Spellcasting   | |  2.8
Transmutations | |  1.6
Poison Magic   | |  3.9

Action                   |  1- 3 |  4- 6 || total
-------------------------+-------+-------++-------
Melee: Dagger            |    29 |       ||    29
       Tailslap          |     3 |     3 ||     6
       Mace              |     2 |       ||     2
       Flail             |     8 |       ||     8
       War axe           |     2 |    13 ||    15
Throw: Stone             |    21 |       ||    21
       Javelin           |     2 |     9 ||    11
 Cast: Sting             |    27 |     1 ||    28
       Poisonous Vapours |    41 |    17 ||    58
  Use: Scroll            |     2 |       ||     2
 Stab: Sleeping          |     1 |       ||     1
  Eat: Chunk             |     8 |     3 ||    11
Armor: Skin              |    20 |     6 ||    26
Dodge: Dodged            |    35 |    12 ||    47
